Map: Port Aleksander LE

Players

Lambo - Winner!

  • Race: Zerg Zerg
  • League: Grandmaster
  • Spawn Location: 11:00

demuLarva

  • Race: Terran Terran
  • League: Grandmaster
  • Spawn Location: 5:00

VOD

Have the link to the VOD?

Description

Time

  • Played on: Feb. 11, 2019, 5:54 a.m.
  • Length: 9:35
Show
View Real Time Build Order
Export as new Build Order

Lambo Zerg - Winner!

Build Orders: Hatch First 

Get SALT Encoding   

  12  0:00  Drone  
  13  0:13  Overlord  
  13  0:17  Drone  
  14  0:32  Drone x2  
  16  0:49  Hatchery  
  15  0:52  Drone  
  15  0:56  Drone  
  17  0:59  Drone  
  18  1:10  Extractor  
  17  1:15  Spawning Pool  
  17  1:18  Drone  
  17  1:22  Drone  
  18  1:30  Drone  
  20  1:40  Drone  
  20  1:53  Overlord  
  20  2:02  Queen x2, Zergling x4  
  26  2:12  Metabolic Boost  
  26  2:13  Drone  
  26  2:15  Drone  
  28  2:22  Drone  
  29  2:27  Drone  
  30  2:40  Hatchery  
  29  2:49  Pneumatized Carapace  
  29  2:51  Drone x2  
  31  2:54  Drone  
  32  2:58  Overlord  
  32  3:01  Drone  
  32  3:04  Drone  
  34  3:09  Drone  
  34  3:12  Drone  
  36  3:17  Drone x3  
  39  3:21  Queen  
  39  3:25  Overlord  
  41  3:28  Drone  
  41  3:33  Drone  
  43  3:36  Drone  
  44  3:43  Queen, Drone x3  
  44  3:46  Drone x2  
  51  3:53  Baneling Nest  
  51  3:54  Queen  
  52  3:57  Overlord  
  52  4:01  Overlord  
  51  4:12  Zergling x8  
  51  4:15  Queen  
  57  4:20  Spore Crawler x2  
  57  4:22  Drone, Spore Crawler  
  57  4:23  Drone  
  56  4:25  Drone  
  56  4:26  Drone  
  56  4:29  Drone x2  
  60  4:35  Zergling x4  
  60  4:38  Baneling x4  
  62  4:39  Drone  
  62  4:43  Baneling x3  
  63  4:49  Spore Crawler  
  63  4:50  Drone x5  
  67  4:57  Baneling  
  67  4:59  Drone x4  
  72  5:00  Drone  
  68  5:08  Drone x3  
  68  5:10  Extractor  
  68  5:12  Extractor, Drone x3  
  72  5:14  Drone  
  71  5:25  Baneling x3  
  71  5:29  Drone x3  
  71  5:32  Drone  
  73  5:37  Extractor  
  73  5:38  Drone x2  
  73  5:41  Drone  
  73  5:44  Evolution Chamber  
  73  5:45  Drone  
  73  5:49  Lair  
  73  5:52  Overlord  
  73  5:54  Overlord  
  73  5:57  Queen, Extractor, Overlord  
  72  5:58  Extractor, Overlord  
  72  6:00  Overlord  
  72  6:03  Overlord  
  73  6:07  Overlord  
  73  6:09  Overlord, Zerg Missile Weapons Level 1  
  73  6:10  Queen  
  75  6:14  Drone x3  
  75  6:15  Drone x5  
  75  6:17  Drone  
  84  6:19  Zergling x2  
  84  6:20  Zergling x2  
  84  6:21  Zergling x6  
  84  6:23  Baneling x2  
  89  6:28  Zergling x4  
  89  6:29  Zergling x2  
  89  6:32  Drone x2  
  92  6:47  Overseer  
  92  6:50  Hydralisk Den  
  91  6:58  Baneling x4  
  91  7:00  Zergling x2  
  91  7:01  Zergling x18  
  100  7:04  Baneling  
  100  7:07  Zergling x2  
  97  7:09  Baneling x4  
  97  7:11  Queen x2  
  97  7:13  Zergling x4  
  102  7:22  Muscular Augments  
  100  7:27  Drone x2  
  100  7:28  Drone  
  103  7:36  Hydralisk x8  
  119  7:38  Centrifical Hooks  
  119  7:40  Hatchery  
  119  7:42  Hydralisk x2  
  122  7:47  Hydralisk x2  
  126  7:52  Overseer  
  126  7:55  Hydralisk  
  126  7:57  Overlord  
  126  7:58  Overlord  
  128  8:02  Hydralisk x2  
  132  8:06  Hydralisk  
  132  8:07  Hydralisk, Zergling x4  
  132  8:09  Overlord x2  
  138  8:16  Zergling x6  
  141  8:20  Overseer  
  141  8:21  Hydralisk x2  
  141  8:22  Hydralisk  
  141  8:24  Overlord  
  144  8:29  Hydralisk x3  
  147  8:37  Baneling x4  
  147  8:39  Hydralisk, Zergling x10  
  154  8:42  Baneling  
  154  8:46  Baneling x3  
  154  8:47  Zergling x4  
  155  8:50  Baneling x2  
  148  8:56  Hydralisk x2  
  148  8:57  Zergling x4  
  148  9:01  Hydralisk  
  149  9:04  Hydralisk  
  148  9:10  Infestation Pit  
  148  9:13  Zergling x16  
  149  9:21  Spore Crawler  
Show
View Real Time Build Order
Export as new Build Order

demuLarva Terran 

Build Orders: Gas First Reaper Expand, Hellion Banshee 

Get SALT Encoding   

  12  0:00  SCV  
  13  0:12  SCV  
  14  0:17  Supply Depot  
  14  0:25  SCV  
  15  0:30  Refinery  
  15  0:39  SCV  
  16  0:45  Barracks  
  16  0:51  SCV  
  17  1:03  SCV  
  18  1:15  SCV  
  19  1:32  Orbital Command  
  19  1:33  Reaper  
  20  1:45  Command Center  
  20  1:56  Factory  
  20  1:58  SCV  
  21  2:07  Barracks Reactor  
  21  2:10  SCV  
  21  2:12  Refinery  
  22  2:17  Supply Depot  
  22  2:23  SCV  
  23  2:39  SCV  
  24  2:48  Starport  
  24  2:51  SCV  
  25  2:57  Hellion x2  
  29  2:59  Orbital Command  
  29  3:03  SCV  
  30  3:08  Barracks Tech Lab  
  30  3:15  SCV  
  31  3:20  Hellion x2  
  31  3:26  SCV  
  36  3:27  SCV  
  37  3:34  Banshee  
  37  3:36  Supply Depot  
  37  3:38  Cloaking Field  
  40  3:41  SCV  
  40  3:42  SCV  
  40  3:47  Hellion  
  44  3:49  Hellion  
  44  3:55  Armory  
  46  4:00  SCV  
  46  4:01  SCV  
  48  4:08  Supply Depot  
  48  4:09  Hellion  
  50  4:10  Hellion  
  52  4:21  Banshee  
  55  4:25  SCV x2  
  55  4:31  Hellion  
  59  4:32  Hellion  
  59  4:35  Supply Depot  
  59  4:37  SCV x2  
  63  4:49  SCV  
  63  4:50  SCV  
  63  4:52  Hellion  
  67  4:53  Hellion  
  67  4:58  Terran Vehicle And Ship Armor Level 1, Supply Depot  
  69  5:02  SCV x2  
  58  5:16  Banshee, Hellion x2  
  58  5:17  SCV x2  
  67  5:27  Hellion x4  
  67  5:29  SCV x2  
  67  5:36  Command Center  
  67  5:41  SCV, Hellion x2  
  67  5:42  SCV  
  68  5:45  Refinery  
  68  5:46  Refinery  
  68  5:53  SCV  
  68  5:54  Factory, SCV  
  70  5:58  Factory  
  70  6:03  Banshee  
  77  6:04  Hellion x2  
  77  6:06  SCV x2  
  79  6:16  Supply Depot  
  79  6:18  SCV x2  
  81  6:38  Factory Tech Lab, Hellion  
  81  6:39  Hellion  
  85  6:41  SCV  
  85  6:42  SCV  
  85  6:46  Factory Tech Lab  
  84  6:51  Factory, SCV  
  84  6:52  Factory  
  84  6:54  SCV  
  86  7:07  Cyclone x2, Hellion x2  
  91  7:09  SCV x2  
  91  7:14  Command Center  
  91  7:15  Armory  
  89  7:21  Mag-Field Accelerator  
  89  7:22  Infernal Pre-Igniter  
  77  7:25  SCV x2  
  77  7:32  Hellion  
  77  7:33  Hellion  
  77  7:36  Orbital Command  
  81  7:37  Refinery, SCV  
  81  7:38  SCV  
  81  7:39  Refinery  
  81  7:40  Factory Reactor, Factory Tech Lab  
  81  7:44  Cyclone x2  
  89  7:48  Banshee  
  89  7:49  SCV  
  89  7:51  SCV  
  94  7:55  Hellion x2  
  98  8:01  SCV  
  98  8:02  Engineering Bay  
  98  8:03  SCV  
  98  8:04  SCV  
  101  8:10  Supply Depot  
  101  8:11  Supply Depot  
  101  8:13  SCV  
  101  8:15  SCV  
  101  8:16  SCV  
  104  8:20  Cyclone  
  104  8:25  SCV, Cyclone  
  107  8:28  SCV x2  
  107  8:31  Cyclone  
  107  8:33  Hellion x3  
  118  8:34  SCV  
  118  8:37  Supply Depot  
  118  8:40  Banshee  
  119  8:53  Cyclone  
  110  8:56  Hellion  
  110  8:57  Cyclone  
  110  9:00  Hellion  
  87  9:05  Hellion x2  
Tags
 
Add a new tag
Caveats
  • Supply blocks, unpowered buildings, or Contaminate may cause inaccurate times.
  • Supply counts are checked every 10 seconds.